AoeStats
← GandalfTheRipper

Black Forest

508984557Analyzed
4v4 RM · 9d ago on Sep 24, 2026· 68m 24s· 8 players
Game mode
Random Map
Map size
Large (8 player)
Population
200
Speed
Normal
Resources
Standard
Victory
Conquest
Starting age
Dark Age
Ending age
Imperial Age
RankedLock teamsTeams togetherTeam positionsShared explorationLock speedFull tech treeHidden civsTurbo modeCheats
Victory
Defeat
🇮🇳 Teutons · India
639
+10
552
+13
🇧🇷 Turks · Brazil
536
+14
🇩🇪 Huns · Germany
513
+15
🇺🇸 Japanese · United States
552
-15
🇺🇸 Goths · United States
487
-13
🇺🇸 Huns · United States
479
-12
🇺🇸 Saxons · United States
458
-12
CommittedTwo_1
0:37 Loom
16:13 Feudal Age
18:25 Horse Collar
18:32 Double-Bit Axe
21:50 Castle Age
24:18 Stone Mining
24:18 Gold Mining
25:50 Wheelbarrow
25:42 Gold Mining
27:23 Hand Cart
27:57 Bow Saw
27:56 Heavy Plow
29:28 Town Watch
35:35 Imperial Age
36:50 Kataparuto
36:51 Conscription
36:00 Pikeman
36:42 Squires
36:55 Forging
36:35 Fletching
37:14 Thumb Ring
38:20 Gold Shaft Mining
38:22 Elite Samurai
38:33 Elite Skirmisher
40:01 Halberdier
41:18 Scale Mail Armor
41:18 Padded Archer Armor
41:14 Bodkin Arrow
41:55 Iron Casting
41:20 Murder Holes
42:26 Chemistry
41:37 Fortified Wall
41:08 Treadmill Crane
41:39 Masonry
42:09 Ballistics
42:10 Town Patrol
43:46 Two-Man Saw
44:29 Hoardings
43:55 Yasama
61:40 Bracer
62:40 Blast Furnace
GandalfTheRipper
1:03 Loom
13:19 Feudal Age
14:13 Double-Bit Axe
15:56 Horse Collar
18:48 Gold Mining
22:32 Castle Age
25:37 Caravan
27:34 Bow Saw
35:09 Thumb Ring
34:25 Crossbowman
36:27 Fishing Lines
37:13 Heavy Plow
37:55 Wheelbarrow
40:14 Imperial Age
38:24 Gold Shaft Mining
37:40 Stone Mining
37:47 Stone Mining
39:56 Padded Archer Armor
39:47 Fletching
41:05 Hand Cart
42:37 Leather Archer Armor
42:18 Bodkin Arrow
44:09 Elite Hearth Troop
44:17 Shield Wall
46:00 Ring Archer Armor
45:30 Bracer
44:58 Arbalester
46:36 Gillnets
51:41 Conscription
52:28 Elite Varangian Guard
56:52 Chemistry
56:14 Ballistics
55:53 Murder Holes
57:06 Chemistry
65:51 Hoardings
67:40 Arrowslits
67:46 Guard Tower
Ambwind
5:10 Loom
7:11 Loom
12:48 Feudal Age
17:54 Wheelbarrow
18:47 Horse Collar
19:02 Double-Bit Axe
21:01 Town Watch
24:39 Castle Age
26:35 Hand Cart
26:40 Heavy Plow
28:37 Bow Saw
32:53 Town Patrol
38:09 Imperial Age
36:25 Ballistics
38:14 Forging
38:04 Scale Mail Armor
38:05 Padded Archer Armor
37:55 Fletching
38:19 Pikeman
39:00 Squires
38:49 Arson
39:01 Halberdier
41:20 Chemistry
40:05 Elite Skirmisher
41:54 Thumb Ring
44:07 Iron Casting
43:48 Chain Mail Armor
43:48 Leather Archer Armor
43:30 Bodkin Arrow
55:48 Man-at-Arms
Quintus
1:43 Loom
12:11 Feudal Age
13:29 Wheelbarrow
12:49 Double-Bit Axe
13:23 Horse Collar
21:54 Castle Age
23:21 Hand Cart
24:29 Stone Mining
24:31 Gold Mining
24:58 Bow Saw
25:20 Heavy Plow
25:55 Caravan
28:04 Fletching
28:14 Padded Archer Armor
34:14 Imperial Age
32:06 Ballistics
31:42 Murder Holes
32:03 Forging
31:53 Scale Mail Armor
31:59 Scale Barding Armor
32:09 Leather Archer Armor
31:56 Bodkin Arrow
32:35 Squires
34:47 Town Watch
35:35 Crop Rotation
35:43 Stone Shaft Mining
36:10 Two-Man Saw
36:20 Chemistry
35:27 Scale Barding Armor
35:45 Chain Mail Armor
39:05 Bracer
39:35 Ring Archer Armor
39:41 Iron Casting
38:33 Pikeman
39:16 Perfusion
39:19 Anarchy
41:27 Elite Huskarl
43:28 Masonry
43:01 Treadmill Crane
44:31 Blast Furnace
43:42 Halberdier
Burrito
2:22 Loom
12:59 Feudal Age
13:34 Double-Bit Axe
13:32 Horse Collar
23:41 Castle Age
22:19 Stone Mining
22:21 Gold Mining
24:58 Forging
24:48 Scale Mail Armor
24:54 Scale Barding Armor
24:40 Fletching
24:51 Padded Archer Armor
30:06 Gold Shaft Mining
29:46 Bow Saw
29:41 Heavy Plow
32:14 Wheelbarrow
31:25 Town Watch
33:52 Hand Cart
33:40 Town Patrol
35:57 Marauders
38:41 Iron Casting
38:01 Bodkin Arrow
38:22 Leather Archer Armor
38:22 Chain Mail Armor
38:27 Chain Barding Armor
42:09 Husbandry
42:20 Bloodlines
41:30 Light Cavalry
45:54 Imperial Age
47:49 Cavalier
47:53 Hussar
50:29 Elite Tarkan
55:02 Atheism
55:00 Thumb Ring
54:15 Crossbowman
54:16 Elite Skirmisher
54:16 Heavy Cavalry Archer
55:22 Parthian Tactics
54:23 Paladin
55:14 Squires
54:35 Pikeman
55:00 Arson
54:35 Man-at-Arms
59:14 Chemistry
58:35 Ballistics
VTCachorrao
1:53 Loom
11:41 Feudal Age
17:39 Wheelbarrow
17:36 Double-Bit Axe
18:06 Gold Mining
19:28 Stone Mining
26:18 Castle Age
27:36 Fishing Lines
28:15 Gillnets
30:37 Caravan
36:02 Imperial Age
34:41 Hand Cart
34:12 Town Watch
34:44 Guard Tower
35:06 Fortified Wall
34:38 Treadmill Crane
36:36 Bow Saw
36:12 Horse Collar
37:12 Gold Shaft Mining
37:27 Arrowslits
38:20 Keep
37:42 Murder Holes
38:09 Ballistics
38:00 Masonry
38:04 Heavy Plow
39:05 Town Patrol
45:01 Two-Man Saw
44:36 Architecture
46:40 Artillery
47:02 Conscription
47:21 Hoardings
48:39 Elite Janissary
52:29 Fletching
52:40 Padded Archer Armor
55:51 Leather Archer Armor
55:32 Bodkin Arrow
61:19 Husbandry
61:30 Bloodlines
61:47 Forging
61:43 Scale Barding Armor
62:09 Ring Archer Armor
61:40 Bracer
斜对床有个小结巴
0:35 Loom
12:39 Feudal Age
14:43 Horse Collar
14:53 Double-Bit Axe
18:08 Wheelbarrow
21:36 Castle Age
19:38 Stone Mining
19:56 Gold Mining
24:18 Hand Cart
26:02 Elite Skirmisher
30:18 Forging
30:09 Scale Mail Armor
30:14 Scale Barding Armor
30:01 Fletching
30:13 Padded Archer Armor
33:57 Imperial Age
32:39 Stone Shaft Mining
32:42 Gold Shaft Mining
32:20 Heavy Plow
33:44 Tusk Swords
34:59 Bodkin Arrow
36:18 Hoardings
37:16 Bow Saw
37:41 Crop Rotation
37:31 Elite Ballista Elephant
39:02 Sappers
39:53 Conscription
40:00 Leather Archer Armor
39:59 Bracer
40:34 Double Crossbow
40:59 Chain Mail Armor
41:25 Chain Barding Armor
41:52 Iron Casting
42:38 Ring Archer Armor
45:57 Pikeman
46:23 Arson
45:59 Man-at-Arms
46:03 Elite Battle Elephant
46:04 Cavalier
46:45 Husbandry
46:05 Light Cavalry
47:00 Bloodlines
49:49 Heavy Cavalry Archer
50:55 Parthian Tactics
49:51 Crossbowman
51:19 Plate Barding Armor
51:45 Blast Furnace
54:31 Halberdier
61:21 Fortified Wall
61:07 Murder Holes
61:23 Masonry
61:05 Guard Tower
65:37 Ballistics
65:08 Heated Shot
65:49 Architecture
65:25 Siege Engineers
66:22 Chemistry
hangover
0:51 Loom
12:02 Feudal Age
12:30 Horse Collar
12:40 Double-Bit Axe
17:24 Gold Mining
23:04 Castle Age
24:04 Wheelbarrow
23:16 Town Watch
28:48 Siphons
29:17 Heavy Plow
31:53 Imperial Age
30:51 Bow Saw
30:45 Stone Mining
33:35 Coinage
33:16 Guilds
33:07 Caravan
34:31 Chemistry
33:22 Heated Shot
33:57 Ballistics
33:49 Masonry
34:12 Ironclad
34:14 Conscription
34:42 Hand Cart
36:21 Two-Man Saw
35:56 Town Patrol
39:04 Crenellations
39:30 Crop Rotation
39:56 Banking
40:34 Elite Teutonic Knight
44:52 Masonry
44:51 Scale Mail Armor
45:02 Forging
44:52 Padded Archer Armor
44:59 Scale Barding Armor
44:44 Fletching
45:54 Pikeman
47:09 Heavy Scorpion
50:16 Halberdier
50:26 Cavalier
59:48 Illumination
59:23 Devotion
59:43 Sanctity
60:00 Theocracy
59:45 Heresy
64:25 Paladin
Connection lost

Rejoining the realm…

Still unreachable

The connection could not be restored.

Session expired

The server has moved on; the page needs a fresh start.